AoeStats
← OmarGutieG

Arabia

506907271Analyzed
2v2 RM · 16d ago on Sep 15, 2026· 49m 30s· 4 players
Game mode
Random Map
Map size
Medium (4 player)
Population
200
Speed
Normal
Resources
Standard
Victory
Conquest
Starting age
Dark Age
Ending age
Imperial Age
RankedLock teamsTeams togetherTeam positionsShared explorationLock speedFull tech treeHidden civsTurbo modeCheats
Victory
Defeat
🇸🇪 Franks · Sweden
1370
+13
🇸🇪 Mongols · Sweden
1369
+13
🇲🇽 Magyars · Mexico
1304
-13
🇲🇽 Ethiopians · Mexico
1297
-13
armigame1
5:45 Loom
9:11 Feudal Age
18:53 Gold Mining
21:58 Castle Age
19:43 Horse Collar
19:57 Double-Bit Axe
20:52 Bloodlines
21:15 Scale Barding Armor
24:05 Husbandry
24:56 Chain Barding Armor
26:46 Gold Shaft Mining
41:12 Wheelbarrow
43:44 Imperial Age
42:55 Stone Mining
43:20 Bow Saw
43:13 Heavy Plow
43:50 Cavalier
46:37 Conscription
47:55 Plate Barding Armor
47:43 Light Cavalry
48:29 Hussar
OmarGutieG
6:46 Loom
9:02 Feudal Age
14:06 Fletching
19:17 Double-Bit Axe
21:10 Padded Archer Armor
24:07 Castle Age
24:10 Crossbowman
25:22 Bow Saw
25:10 Bodkin Arrow
28:51 Wheelbarrow
30:48 Leather Archer Armor
31:45 Horse Collar
34:57 Hand Cart
37:45 Ballistics
41:52 Town Watch
45:05 Imperial Age
44:00 Town Patrol
45:52 Thumb Ring
45:08 Arbalester
46:59 Conscription
47:14 Bracer
49:18 Chemistry
climrik
7:11 Loom
8:56 Feudal Age
10:07 Double-Bit Axe
13:32 Horse Collar
15:47 Fletching
25:53 Castle Age
25:50 Gold Mining
26:02 Crossbowman
26:48 Padded Archer Armor
27:12 Thumb Ring
27:51 Bodkin Arrow
28:28 Padded Archer Armor
30:23 Ballistics
32:19 Leather Archer Armor
37:15 Wheelbarrow
43:28 Imperial Age
40:50 Town Watch
43:46 Arbalester
44:27 Bracer
45:34 Chemistry
47:24 Conscription
48:43 Stone Mining
49:56 Bloodlines
49:46 Husbandry
49:07 Heavy Camel Rider
Steelmate
7:37 Loom
9:47 Feudal Age
15:00 Double-Bit Axe
21:16 Castle Age
19:57 Gold Mining
20:34 Scale Barding Armor
22:19 Chain Barding Armor
22:31 Bow Saw
22:50 Forging
27:50 Iron Casting
28:33 Husbandry
36:13 Stone Mining
36:58 Gold Shaft Mining
39:19 Herbal Medicine
39:58 Fletching
43:48 Imperial Age
41:55 Wheelbarrow
41:33 Bodkin Arrow
42:00 Ballistics
41:58 Town Watch
43:52 Cavalier
46:11 Plate Barding Armor
45:20 Paladin
47:19 Siege Engineers
48:22 Blast Furnace
Connection lost

Rejoining the realm…

Still unreachable

The connection could not be restored.

Session expired

The server has moved on; the page needs a fresh start.